 Dungeon Crawl Stone Soup version 0.31.0-32-g396128a36d (webtiles) character file.

Game seed: 3157108719325434137

344 spaghetti the Magician (level 6, -4/49 HPs)
             Began as a Naga Wanderer on Mar 11, 2024.
             Slain by Sigmund
             ... wielding a +0 scythe of protection
              (8 damage)
             ... on level 4 of the Dungeon.
             The game lasted 00:10:52 (4222 turns).

spaghetti the Magician (Naga Wanderer)              Turns: 4222, Time: 00:10:52

Health: -4/49      AC:  5    Str: 16    XL:     6   Next: 58%
Magic:  1/15       EV:  9    Int: 13    God:
Gold:   157        SH:  0    Dex: 10    Spells: 11/17 levels left

rFire   . . .        m - +0 long sword (protect)
rCold   . . .        (no shield)
rNeg    . . .        d - +0 leather armour
rPois   +            b - +1 helmet
rElec   .            (no cloak)
rCorr   .            (no gloves)
SInv    +            (no barding)
Will    .....        (no amulet)
Stlth   +            (no ring)
HPRegen 0.28/turn    (no ring)
MPRegen 0.14/turn

%: no passive effects
@: very slightly contaminated, very slow
A: AC +2, large, see invisible, deformed body, poison resistance, slowness 2,
spit poison 1, naga tail 1
a: Spit Poison


You were on level 4 of the Dungeon.
You visited 1 branch of the dungeon, and saw 5 of its levels.

You collected 157 gold pieces.

Inventory:

Hand Weapons
 a - a +0 quarterstaff
 e - a +0 dagger
 m - a +0 long sword of protection (weapon)
Armour
 b - a +1 helmet (worn)
 d - a +0 leather armour (worn)
Wands
 h - a wand of digging (6)
 i - a wand of polymorph (7)
Scrolls
 g - a scroll of vulnerability
Potions
 f - 2 potions of enlightenment


   Skills:
 + Level 0.0 Fighting
 - Level 1.0 Staves
 - Level 1.5 Dodging
 - Level 6.0 Spellcasting
 - Level 5.0 Translocations
 - Level 1.0 Evocations


You had 11 spell levels left.
You knew the following spells:

 Your Spells              Type           Power      Damage    Failure   Level
a - Apportation           Tloc           32%        N/A       2%          1
b - Call Imp              Summ           6%         N/A       30%         2
c - Gell's Gravitas       Tloc           16%        N/A       8%          3

Your spell library contained the following spells:

 Spells                   Type           Power      Damage    Failure   Level
 Blink                    Tloc           32%        N/A       4%          2
 Magic Dart               Conj           12%        1d3       21%         1


Dungeon Overview and Level Annotations

Branches:
Dungeon (5/15)
 Temple: D:4-7

Altars:
Qazlal

Annotations:
D:4 Sigmund


Innate Abilities, Weirdness & Mutations

Your serpentine skin is tough. (AC +2)
You have supernaturally acute eyesight. (SInv)
Armour fits poorly on your strangely shaped body.
Your system is resistant to poisons. (rPois)
You cover ground very slowly.
You can spit poison.
You have a snake-like lower body.


Message History

The endoplasm freezes you.
You are frozen.
* * * LOW HITPOINT WARNING * * *
Sigmund closely misses you.
Casting: Gell's Gravitas (dangerous; 8% risk of failure)
Confirm with . or Enter, or press ? or * to list all spells.
Aiming: Gell's Gravitas (dangerous; 8% risk of failure)
Press: ? - help, Dir - move target, f - endoplasm, p - Sigmund
Aim: an endoplasm (severely wounded) Gravity reorients around the endoplasm.
Sigmund collides with the endoplasm!
The endoplasm is almost dead.
The endoplasm hits you but does no damage.
Sigmund hits you from afar with a +0 scythe of protection!
* * * LOW HITPOINT WARNING * * *
Okay, then.
The endoplasm hits you but does no damage.
Sigmund casts a spell.
Sigmund flickers and vanishes for a moment.
Casting: Gell's Gravitas (dangerous; 8% risk of failure)
Confirm with . or Enter, or press ? or * to list all spells.
Aiming: Gell's Gravitas (dangerous; 8% risk of failure)
Press: ? - help, Dir - move target, f - Sigmund, p - endoplasm
Aim: Sigmund, wielding a +0 scythe of protection and wearing a +0 robe (moderately wounded, slightly transparent)
You miscast Gell's Gravitas.
You are very lightly contaminated with residual magic.
Nothing appears to happen.
The endoplasm hits you but does no damage.
The endoplasm attacks as it pursues you!
The endoplasm hits you.
* * * LOW HITPOINT WARNING * * *
Casting: Gell's Gravitas (dangerous; 8% risk of failure)
Confirm with . or Enter, or press ? or * to list all spells.
Aiming: Gell's Gravitas (dangerous; 8% risk of failure)
Press: ? - help, Dir - move target, f/p - Sigmund
Aim: Sigmund, wielding a +0 scythe of protection and wearing a +0 robe (moderately wounded, slightly transparent) Gravity reorients around Sigmund.
The endoplasm collides with Sigmund!
You kill the endoplasm!
Sigmund hits you from afar with a +0 scythe of protection!
You die...
Sigmund begins carving another notch in his scythe.

# #. #. .#
#. #.####
#.@..#
####@# #.#
#..#.####
#..#..?.#
#!.
.K#....#
#.#
..#....# .
#.#
#.#.#####.)
#.. #.#.#
....


You could see Sigmund (invisible).

Vanquished Creatures
  A black bear (D:5)
  A bombardier beetle (D:3)
  A hound (D:5)
  An iguana (D:5)
  Robin (D:4)
  6 adders
  2 dart slugs
  4 ribbon worms
  5 orcs
  5 bats
  7 endoplasms
  6 giant cockroaches
  10 goblins
  6 hobgoblins
  A jackal (D:2)
  2 quokkas
  9 ball pythons
  5 frilled lizards
  6 kobolds
  8 rats
87 creatures vanquished.

Vanquished Creatures (collateral kills)
  2 goblins
  A kobold (D:1)
3 creatures vanquished.

Grand Total: 90 creatures vanquished

Notes
Turn   | Place    | Note
-------+----------+-------------------------------------------
     0 | D:1      | spaghetti the Naga Wanderer began the quest for the Orb.
     0 | D:1      | spaghetti set off with the following items: a +0
                  | quarterstaff, a +0 helmet, a scroll of blinking, a +0
                  | leather armour; and the following spell memorised:
                  | Apportation; and the following spells available to
                  | memorise: Blink, Gell's Gravitas.
     0 | D:1      | Reached XP level 1. HP: 15/15 MP: 2/2
   113 | D:1      | Reached XP level 2. HP: 22/22 MP: 4/4
   209 | D:1      | Learned a level 2 spell: Call Imp
   216 | D:1      | Reached skill level 2 in Spellcasting
  1133 | D:2      | Reached XP level 3. HP: 19/28 MP: 6/6
  1137 | D:2      | Learned a level 3 spell: Gell's Gravitas
  1597 | D:2      | Reached skill level 3 in Spellcasting
  2162 | D:3      | Reached XP level 4. HP: 36/36 MP: 6/9
  2519 | D:3      | Reached skill level 4 in Spellcasting
  3229 | D:4      | Reached XP level 5. HP: 15/42 MP: 11/11
  3323 | D:4      | Noticed Robin
  3341 | D:4      | Killed Robin
  3389 | D:4      | Noticed a nameless horror
  3405 | D:5      | Entered Level 5 of the Dungeon
  3650 | D:5      | Reached skill level 5 in Spellcasting
  3673 | D:5      | Noticed a black bear
  3760 | D:5      | Killed a black bear
  3761 | D:5      | Reached XP level 6. HP: 15/49 MP: 12/14
  3897 | D:5      | Found a stormy altar of Qazlal.
  4142 | D:5      | Noticed an ice beast
  4192 | D:4      | Noticed Sigmund
  4211 | D:4      | Reached skill level 6 in Spellcasting
  4222 | D:4      | Slain by Sigmund

Illustrated notes

Levels and vault maps discovered:
D:1:      elethiomel_arrival_infinity_welcomes_careful_drivers,
          layout_loops_ring, minmay_surrounded
D:2:      layout_basic, kennysheep_cross_bottleneck, minmay_quadrilaterals
D:3:      layout_loops_ring, serial_aquarium, aquarium_bridge_square
          [aquarium_subvault_balcony, aquarium_subvault_bridge,
          aquarium_subvault_bridge, aquarium_subvault_bridge],
          aquarium_window_1, aquarium_window_1, aquarium_view_2d,
          aquarium_view_2d, aquarium_balcony_1b, solitary_fountain,
          minmay_misc_feat_chi, grunt_ministairs_4, minivault_24
D:4:      layout_basic, uniq_blork_the_orc, uniq_robin, uniq_sigmund
D:5:      layout_cave_pools, kennysheep_mini, gup_sewer_entry_spiral

Skill      XL: |  1  2  3  4  5  6 |
---------------+-------------------+-----
Spellcasting   | 2 3 4 5 6 |  6.0
Staves         | |  1.0
Dodging        | |  1.5
Translocations | |  5.0
Evocations     | |  1.0

Action                     |  1- 3 |  4- 6 || total
---------------------------+-------+-------++-------
  Melee: Dagger            |   103 |    44 ||   147
         Quarterstaff      |     3 |       ||     3
         Long sword        |       |   124 ||   124
         Punch             |       |     1 ||     1
   Cast: Call Imp          |     3 |     2 ||     5
         Gell's Gravitas   |     5 |    17 ||    22
Ability: Spit Poison       |    48 |    35 ||    83
    Use: Potion            |     1 |     3 ||     4
         Scroll            |       |     7 ||     7
   Stab: Invisible         |       |     1 ||     1
 Armour: Leather armour    |    80 |   219 ||   299
  Dodge: Dodged            |    67 |   146 ||   213
